 Dungeon Crawl Stone Soup version 0.20.0-7-g3b7b877 (webtiles) character file.

3227 ChaseSP the Carver (level 10, 0/70 HPs)
             Began as a Formicid Fighter on May 29, 2017.
             Slain by an orc warrior
             ... wielding a +0 glaive
              (10 damage)
             ... on level 7 of the Dungeon.
             The game lasted 00:13:54 (6733 turns).

ChaseSP the Carver (Formicid Fighter)               Turns: 6733, Time: 00:13:55

Health: 0/70       AC: 13    Str: 22    XL:     10   Next: 18%
Magic:  10/10      EV: 11    Int:  7    God:
Gold:   454        SH: 11    Dex: 13    Spells: 9/9 levels left

rFire    . . .     SeeInvis +   I - +0 scimitar
rCold    . . .     Gourm    .   c - +0 shield
rNeg     . . .     Faith    .   C - +3 scale mail
rPois    .         Spirit   .   (helmet unavailable)
rElec    .         Reflect  .   i - +0 cloak
rCorr    .         Harm     .   (no gloves)
MR       +....                  p - +0 pair of boots
Stlth    ..........             (no amulet)
Regen    0.3/turn               v - +1 ring of protection
MPRegen  0.2/turn               (no ring)

@: no status effects
A: permanent stasis, dig shafts and tunnels, four strong arms, antennae 3
a: Dig, Shaft Self


You were on level 7 of the Dungeon.
You were hungry.

You visited 1 branch of the dungeon, and saw 7 of its levels.
You also visited: Sewer.

You collected 454 gold pieces.

Inventory:

Hand Weapons
 H - a +2 dagger of protection
 I - a +0 scimitar (weapon)
Missiles
 l - 31 bolts
Armour
 c - a +0 shield (worn)
 i - a +0 cloak (worn)
 p - a +0 pair of boots (worn)
 C - a +3 scale mail (worn)
Jewellery
 e - an uncursed ring of ice
 v - a +1 ring of protection (left hand)
 z - an uncursed ring of flight
Wands
 B - a wand of enslavement (9/24)
 G - a wand of random effects (18/48)
Scrolls
 b - 3 scrolls of identify
 g - a scroll of random uselessness {unknown}
 h - 2 scrolls of enchant weapon {unknown}
 o - 2 scrolls of amnesia
 u - a scroll of immolation {unknown}
 x - a scroll of recharging {unknown}
 y - 3 scrolls of teleportation
 A - 3 scrolls of fog {unknown}
 D - a scroll of enchant armour {unknown}
 F - 2 scrolls of blinking {unknown}
Potions
 d - 2 potions of might
 j - 5 potions of curing
 m - a potion of magic
 n - 4 potions of mutation
 q - 2 potions of berserk rage
 r - 2 potions of heal wounds
 s - a potion of lignification
 E - 4 potions of flight
Comestibles
 f - 2 bread rations
 k - 3 meat rations
 t - 8 fruits
 w - a royal jelly


   Skills:
 - Level 3.6 Fighting
 * Level 11.1 Long Blades
 - Level 5.3 Armour
 + Level 2.8 Dodging
 + Level 8.1 Shields


You had 9 spell levels left.
You didn't know any spells.

Dungeon Overview and Level Annotations

Branches:
Dungeon (7/15)
 Temple: D:4-7

Altars:
Fedhas
Kikubaaqudgha
Makhleb
Nemelex Xobeh

Shops:
D:6 !


Innate Abilities, Weirdness & Mutations

You cannot be hasted, slowed, berserked, paralysed or teleported.
You can dig through walls and to a lower floor.
Your four strong arms can wield two-handed weapons with a shield.
You have a pair of large antennae on your head. (SInv)


Message History

You block the orc warrior's attack. The orc warrior hits you with a glaive!
* * * LOW HITPOINT WARNING * * *
Things that are here:
a dagger; a robe; an orc corpse You hit the orc warrior but do no damage.
The orc warrior is moderately wounded.
You hit the orc warrior but do no damage.
The orc warrior is moderately wounded.
The orc warrior hits you with a glaive!
* * * LOW HITPOINT WARNING * * *
You closely miss the orc warrior.
The orc warrior is moderately wounded.
You block the orc warrior's attack.
You hit the orc warrior.
The orc warrior is moderately wounded.
You barely miss the orc warrior.
The orc warrior is moderately wounded.
The orc warrior hits you with a glaive!
You die...

.# #.#
####....##..#........
.....#
............#.#######
.##.##
###....##..#.#......
....
#......#.#.#.#####
.... .
#....#.#>#.#...... ≈≈
#.####.#..........
≈≈≈ #.#
##.#.#.#####.. ≈≈≈≈
#.# #.......# #..
≈≈≈≈≈ #@# #.......#
#.. ≈≈≈≈≈.#o#
#.......# ###
≈≈≈≈≈..)# #.........#
≈≈≈≈....# #.......###
≈≈....#.# #........#
......#.# #.......##
......#.# #.......#
..... ..# .#### ###


You could see an orc warrior.

Vanquished Creatures
  The ghost of healthycheekums the Cudgeler, a novice MiBe of Trog (D:6)
  A hippogriff (D:7)
  Menkaure (D:6)
  Duvessa (D:5)
  An orc warrior (D:6)
  A sky beast (D:5)
  2 black bears
  An ogre (D:7)
  2 centaurs
  4 bullfrogs
  Dowan (D:5)
  2 scorpions
  6 killer bees (D:7)
  3 crimson imps
  A bullfrog zombie (D:6)
  4 hounds
  A jelly (D:5)
  An orc priest (D:6)
  A gnoll shaman (D:4)
  2 bullfrog skeletons
  4 orc wizards
  Natasha (thrice) (D:3)
  A merfolk siren (Sewer)
  6 worker ants
  A merfolk avatar (Sewer)
  4 gnolls (D:4)
  11 adders
  A river rat (Sewer)
  3 shadow imps
  3 adder skeletons (D:4)
  5 worms
  A dart slug (D:1)
  9 leopard geckos
  14 orcs
  2 bat zombies (D:5)
  3 giant cockroaches
  7 goblins
  6 hobgoblins
  6 jackals
  9 kobolds
  A quokka (D:4)
  7 ball pythons
  A ball python skeleton (D:2)
  6 bats
  10 frilled lizards
  A giant cockroach zombie (D:2)
  2 leopard gecko zombies
  A quokka skeleton (D:2)
  30 rats
  A rat zombie (D:5)
196 creatures vanquished.

Notes
Turn   | Place    | Note
-------+----------+-------------------------------------------
     0 | D:1      | ChaseSP the Formicid Fighter began the quest for the Orb.
     0 | D:1      | Reached XP level 1. HP: 18/18 MP: 1/1
    92 | D:1      | Reached XP level 2. HP: 18/24 MP: 2/2
   225 | D:1      | Reached skill level 3 in Long Blades
   242 | D:1      | Reached XP level 3. HP: 26/29 MP: 3/3
   709 | D:2      | Reached XP level 4. HP: 34/35 MP: 4/4
   834 | D:2      | Found a blossoming altar of Fedhas.
   920 | D:2      | Found a blossoming altar of Fedhas.
  1277 | D:3      | Reached skill level 4 in Long Blades
  1317 | D:3      | Reached XP level 5. HP: 36/41 MP: 5/5
  1518 | D:3      | Noticed Natasha
  1527 | D:3      | Killed Natasha
  1527 | D:3      | Reached skill level 5 in Shields
  1541 | D:3      | Noticed Natasha
  1552 | D:3      | Killed Natasha
  1552 | D:3      | Reached XP level 6. HP: 44/47 MP: 6/6
  1648 | D:3      | Noticed Natasha
  1656 | D:3      | Killed Natasha
  1656 | D:3      | Reached skill level 5 in Long Blades
  1881 | D:3      | Found a burning altar of Makhleb.
  1996 | D:4      | Reached skill level 6 in Long Blades
  2278 | D:4      | Reached XP level 7. HP: 44/52 MP: 7/7
  2594 | D:4      | Reached skill level 7 in Long Blades
  3006 | D:5      | Entered Level 5 of the Dungeon
  3155 | D:5      | Noticed Duvessa
  3155 | D:5      | Noticed Dowan
  3190 | D:5      | Killed Duvessa
  3198 | D:5      | Killed Dowan
  3198 | D:5      | Reached skill level 8 in Long Blades
  3198 | D:5      | Reached XP level 8. HP: 27/58 MP: 8/8
  3516 | D:5      | Found a sparkling altar of Nemelex Xobeh.
  4084 | D:5      | Found an ancient bone altar of Kikubaaqudgha.
  4458 | D:6      | Noticed healthycheekums's ghost (novice MiBe)
  4474 | D:6      | Killed healthycheekums's ghost
  4474 | D:6      | Reached skill level 9 in Long Blades
  4474 | D:6      | Reached XP level 9. HP: 35/64 MP: 9/9
  4530 | D:6      | Reached skill level 5 in Armour
  4782 | D:6      | Found a glowing drain.
  4787 | Sewer    | Entered a sewer
  5139 | Sewer    | Reached skill level 10 in Long Blades
  5659 | D:6      | Noticed Menkaure
  5667 | D:6      | Killed Menkaure
  5667 | D:6      | Reached skill level 1 in Dodging
  5702 | D:6      | Found Fuafophexesm's Distillery.
  6005 | D:7      | Noticed a hippogriff
  6020 | D:7      | Killed a hippogriff
  6248 | D:7      | Reached XP level 10. HP: 70/70 MP: 10/10
  6352 | D:7      | Reached skill level 11 in Long Blades
  6733 | D:7      | Slain by an orc warrior

Skill      XL: |  1  2  3  4  5  6  7  8  9 10 |
---------------+-------------------------------+-----
Long Blades    | 3 4 6 8 9 10 11 | 11.1
Shields        | 4 5 6 7 8 |  8.1
Armour         | 4 5 |  5.3
Dodging        | 2 |  2.8
Fighting       | |  3.6

Action                   |  1- 3 |  4- 6 |  7- 9 | 10-12 || total
-------------------------+-------+-------+-------+-------++-------
Melee: Long sword        |   104 |   180 |   409 |       ||   693
       Scimitar          |       |       |    62 |    86 ||   148
 Abil: Dig               |       |     3 |     5 |       ||     8
  Use: Scroll            |       |     4 |     7 |       ||    11
       Potion            |       |       |     3 |     2 ||     5
  Eat: Chunk             |       |     5 |    12 |     1 ||    18
       Fruit             |       |       |     3 |       ||     3
Armor: Scale mail        |    42 |    74 |   145 |    25 ||   286
       Chain mail        |       |       |    38 |       ||    38
Dodge: Dodged            |    29 |    67 |   115 |    31 ||   242
Block: Shield            |    52 |    99 |   267 |    51 ||   469
       Rpst.: Long sword |     7 |    26 |    27 |       ||    60
       Scimitar          |       |       |    10 |     8 ||    18
